 Dungeon Crawl Stone Soup version 0.17.2-1-ge4368a0 (webtiles) character file.

436 Goblin1989 the Covert (level 6, -3/44 HPs)
             Began as a Vampire Assassin on Dec 18, 2016.
             Slain by a goblin
             ... wielding a +0 club
              (5 damage)
             ... on level 3 of the Dungeon.
             The game lasted 00:10:45 (3456 turns).

Goblin1989 the Covert (Vampire Assassin)            Turns: 3456, Time: 00:10:45

Health: -3/44      AC:  5    Str: 10    XL:     6   Next: 68%
Magic:  5/6        EV: 12    Int: 13    God:
Gold:   213        SH:  0    Dex: 18    Spells: 0 memorised, 5 levels left

rFire  . . .     SeeInvis +     a - +2 dagger
rCold  + . .     Clarity  .     f - +1 robe {rN+}
rNeg   + + +     SustAt   .     (no shield)
rPois  +         Gourm    .     (no helmet)
rElec  .         Spirit   .     d - +0 cloak
rCorr  .         Warding  .     k - +0 pair of gloves (curse)
rMut   .         Stasis   .     (no boots)
MR     .....                    (no amulet)
Stlth  +++++.....               (no ring)
                                (no ring)

@: lethally poisoned (-3 -> -6), very slightly contaminated, regenerating
slowly, hasted, very quick, not resistant to hostile enchantments, quite
stealthy
A: fangs 3, see invisible, unbreathing
a: Bat Form


You were on level 3 of the Dungeon.
You were thirsty.

You visited 1 branch of the dungeon, and saw 4 of its levels.

You collected 213 gold pieces.

Inventory:

Hand Weapons
 a - a +2 dagger (weapon)
 w - a +0 blowgun {@w1}
Missiles
 m - a curare-tipped needle
 n - 7 poisoned needles
Armour
 d - a +0 cloak (worn)
 f - a +1 robe of positive energy (worn)
 k - a cursed +0 pair of gloves (worn)
Scrolls
 b - 8 scrolls of identify {unknown}
 c - a scroll of random uselessness {unknown}
 g - 2 scrolls of fog {unknown}
 h - a scroll of blinking {unknown}
 i - 3 scrolls of enchant weapon {unknown}
 p - a scroll of fear {unknown}
Potions
 j - a potion of cure mutation {!q}
 l - a potion of degeneration {unknown}
 q - 15 potions of blood


   Skills:
 - Level 1.7 Fighting
 * Level 6.7 Short Blades
 - Level 1.5 Throwing
 - Level 1.1 Dodging
 + Level 8.5 Stealth


You had 5 spell levels left.
You didn't know any spells.

Dungeon Overview and Level Annotations

Branches:
Dungeon (4/15)
 Temple: D:4-7

Altars:
Ru
Xom


Innate Abilities, Weirdness & Mutations

You heal slowly.
You have razor-sharp teeth.
You have supernaturally acute eyesight.
You can survive without breathing.


Message History

A goblin comes into view. It is wielding a club.
* * * LOW HITPOINT WARNING * * *
You feel sick.
There is a stone staircase leading down here.
You take 6 damage, and have 3/44 hp.
You can't do that in your present form.
You see here a club.
Your transformation has ended.
Your +2 dagger unmelds from your body.
Your +0 cloak unmelds from your body.
Your cursed +0 pair of gloves unmelds from your body.
Your +1 robe of positive energy unmelds from your body.
You feel more protected from negative energy.
Drink which item? (? for menu, Esc to quit)
It was a potion of haste.
You feel yourself speed up.
You are very lightly contaminated with residual magic.
Drink which item? (? for menu, Esc to quit)
It was a potion of poison.
You feel slightly nauseous.
* * * LOW HITPOINT WARNING * * *
You feel sick. The goblin hits you with a club.
You die...

..█.█.....█(█.█ █████.....██
█......%....█.█ █(..........
██.>......█.█.█ █.███.....██
█...........█.████████.████...███
....██..███....>^......█.....██ █
██████.████.█.██████████.█████ █
........<.....████ █.█ █
██████.████......█ █.█ ██ █.█


██████@█ █.█ █. █.█ ██g███████.█ █. █.█ █.>........█ █. ██████.█ █..█████████ █†
....<..█ █..█ █. ████████ █..█ █. █..█ █. █[.█ ███████. █..█ █....... You could
see a goblin.

Vanquished Creatures
  Sigmund (D:2)
  4 orc wizards (D:3)
  Ijyb (D:2)
  The ghost of dscm the Changer, a weakling FeTm (D:3)
  3 adders
  An ooze (D:2)
  5 worms
  A giant gecko (D:2)
  10 orcs
  A ball python (D:2)
  2 giant cockroaches (D:3)
  8 goblins
  12 hobgoblins
  15 jackals
  4 kobolds
  6 bats
  4 giant newts
  3 rats
82 creatures vanquished.

Notes
Turn   | Place    | Note
--------------------------------------------------------------
     0 | D:1      | Goblin1989 the Vampire Assassin began the quest for the Orb.
     0 | D:1      | Reached XP level 1. HP: 16/16 MP: 1/1
   102 | D:1      | Reached skill level 6 in Stealth
   470 | D:1      | Reached XP level 2. HP: 22/22 MP: 2/2
   873 | D:2      | Found a shimmering altar of Xom.
   873 | D:2      | Found a sacrificial altar of Ru.
   928 | D:2      | Noticed Ijyb
   981 | D:2      | Killed Ijyb
   981 | D:2      | Reached XP level 3. HP: 12/27 MP: 3/3
  1169 | D:2      | Noticed Sigmund
  1178 | D:2      | Killed Sigmund
  1178 | D:2      | Reached skill level 5 in Short Blades
  1178 | D:2      | Reached skill level 7 in Stealth
  1178 | D:2      | Reached XP level 4. HP: 29/33 MP: 4/4
  1178 | D:2      | Reached XP level 5. HP: 33/38 MP: 5/5
  2264 | D:3      | Noticed dscm's ghost (weakling FeTm)
  2277 | D:3      | Killed dscm's ghost
  2277 | D:3      | Reached skill level 8 in Stealth
  2277 | D:3      | Reached XP level 6. HP: 28/44 MP: 6/6
  3456 | D:3      | HP: 2/44 [poisoned by an orc wizard]
  3456 | D:3      | Slain by a goblin

Action                   |  1- 3 |  4- 6 || total
-------------------------+-------+-------++-------
Melee: Dagger            |    57 |   250 ||   307
 Fire: Blowgun           |    11 |     9 ||    20
 Abil: End Transformatio |       |     3 ||     3
       Bat Form          |       |     3 ||     3
  Use: Potion            |       |     9 ||     9
 Stab: Sleeping          |     6 |    12 ||    18
       Invisible         |       |     1 ||     1
       Distracted        |       |     1 ||     1

Vault maps used:
D:1:      minmay_arrival_diagonal_passages, serial_bayou_lake_a
D:2:      gammafunk_temple_overflow_statue, hangedman_abyss_or_decor_stabs,
          minmay_goblin_outpost, uniq_sigmund, uniq_crazy_yiuf_cottage,
          uniq_iyjb
D:4:      grunt_temple_overflow_magic_moments, first_bread,
          hangedman_decor_opposing, minmay_misc_feat_tiny,
          hangedman_decor_lopped, st_stairs_1
